 Dungeon Sprint DCSS version 0.27-a0-215-g68775813e2 (webtiles) character file.

Game seed: 3226535052681761159

691 MordorOrchid the Covert (level 7, -9/57 HPs)
             Began as a Gnoll Enchanter on Jan 30, 2021.
             Was a Believer of Sif Muna.
             Mangled by a cyclops (28 damage)
             ... in the Dungeon (Sprint IX: "|||||||||||||||||||||||||||||").
             The game lasted 00:02:46 (489 turns).

MordorOrchid the Covert (Gnoll Enchanter)            Turns: 489, Time: 00:02:47

Health: -9/57      AC:  7    Str:  8    XL:     7   Next: 63%
Magic:  9/18       EV: 18    Int: 16    God:    Sif Muna [**....]
Gold:   0          SH:  0    Dex: 12    Spells: 9/21 levels left

rFire    . . .     SeeInvis .   l - +2 rapier (distort)
rCold    . . .     Faith    .   (no shield)
rNeg     . . .     Spirit   .   b - +0 robe
rPois    .         Reflect  .   o - +0 helmet
rElec    .         Harm     .   (no cloak)
rCorr    .         Rampage  .   n - +0 pair of gloves
Will     .....     NoTele   +   (no boots)
Stlth    ++++......             (no amulet)
HPRegen  0.19/turn              q - +2 ring of evasion
MPRegen  0.16/turn              p - +2 ring of protection

@: no status effects
A: distributed training, fangs 1, strong nose
a: Renounce Religion, Channel Magic


You were in the Dungeon.
You worshipped Sif Muna.
Sif Muna was pleased with you.
You visited 1 branch

Inventory:

Hand Weapons
 k - a +2 halberd of protection
 l - a +2 rapier of distortion (weapon)
 m - a +2 scimitar of draining
Armour
 b - a +0 robe (worn)
 n - a +0 pair of gloves (worn)
 o - a +0 helmet (worn)
Jewellery
 p - a +2 ring of protection (right hand)
 q - a +2 ring of evasion (left hand)
Wands
 j - a wand of iceblast (10)
Scrolls
 f - 3 scrolls of remove curse
 h - 2 scrolls of amnesia
 i - 2 scrolls of blinking
Potions
 d - 5 potions of curing
 e - a potion of heal wounds
 g - 4 potions of magic


   Skills:
 + Level 5.7 Fighting
 + Level 6.3 Short Blades
 + Level 5.7 Long Blades
 + Level 5.7 Axes
 + Level 5.7 Maces & Flails
 + Level 5.7 Polearms
 + Level 5.7 Staves
 + Level 5.7 Slings
 + Level 5.7 Bows
 + Level 5.7 Crossbows
 + Level 5.7 Throwing
 + Level 5.7 Armour
 + Level 7.4 Dodging
 + Level 8.4 Stealth
 + Level 5.7 Shields
 + Level 5.7 Unarmed Combat
 + Level 7.7 Spellcasting
 + Level 4.7 Conjurations
 + Level 7.3 Hexes
 + Level 4.7 Summonings
 + Level 4.7 Necromancy
 + Level 4.7 Translocations
 + Level 4.7 Transmutations
 + Level 4.7 Fire Magic
 + Level 4.7 Ice Magic
 + Level 4.7 Air Magic
 + Level 4.7 Earth Magic
 + Level 4.7 Poison Magic
 + Level 6.3 Invocations
 + Level 5.7 Evocations


You had 9 spell levels left.
You knew the following spells:

 Your Spells              Type           Power        Failure   Level
a - Corona                Hex            32%          1%          1
b - Ensorcelled Hibernat  Hex/Ice        50%          1%          2
d - Tukima's Dance        Hex            29%          1%          3
f - Dazzling Flash        Conj/Hex       50%          3%          3
A - Confusing Touch       Hex            29%          1%          3

Your spell library contained the following spells:

 Spells                   Type           Power        Failure   Level


Dungeon Overview and Level Annotations

Branches:
Dungeon (1/1)

Altars:
Cheibriados
Dithmenos
Elyvilon
Fedhas
Gozag
Hepliaklqana
Kikubaaqudgha
Makhleb
Nemelex Xobeh
Okawaru
Qazlal
Ru
Sif Muna
Trog
Uskayaw
Vehumet
Wu Jian
Xom
Yredelemnul
Zin
The Shining One
Beogh
Jiyva
Lugonu


Innate Abilities, Weirdness & Mutations

Your experience applies equally to all skills.
You have very sharp teeth.
Your uncanny sense of smell can sniff out nearby items.


Message History

Unknown command.
Casting: Corona (safe; 1% risk of failure)
Confirm with . or Enter, or press ? or * to list all spells.
Aiming: Corona (safe; 1% risk of failure)
Press: ? - help, Q - select action, (/) - cycle Shift-Dir - straight line, f/p - cyclops
Aim: a cyclops, quivering large rocks (severely wounded, confused, softly glowing, chance to affect: 51%)
Okay, then.
The cyclops seems less confused.
You hit the cyclops.
Space bends around the cyclops!
You bite the cyclops, but do no damage.
The cyclops is almost dead.
The cyclops hits you!!
Unknown command.
Casting: Corona (safe; 1% risk of failure)
Confirm with . or Enter, or press ? or * to list all spells.
Aiming: Ensorcelled Hibernation (safe; 1% risk of failure)
Press: ? - help, Shift-Dir - straight line, f/p - cyclops
Aim: a cyclops, quivering large rocks (almost dead, softly glowing, chance to affect: 37%)
The cyclops easily resists.
The cyclops hits you!!
You die...

▓c▓
▓o▓
▓o▓
∆
▓Y▓
∆
▓o▓
∆
▓+▓
∆
▓.▓
▓†▓
∆
▓@▓
▓C▓
∆
▓.▓
∆
▓.▓
∆
▓'▓
∆
▓)▓
▓.▓
▓[▓
▓.▓


You could see a cyclops (corona).

Vanquished Creatures
  A troll (D)
  A yak (D)
  A black bear (D)
  An ice beast (D)
  A bullfrog (D)
  An iguana (D)
  2 worker ants (D)
  A white imp (D)
  An adder skeleton (D)
  An orc (D)
  2 giant cockroaches (D)
  A goblin (D)
  A frilled lizard (D)
  A kobold (D)
16 creatures vanquished.

Notes
Turn   | Place    | Note
-------+----------+-------------------------------------------
     0 | D        | MordorOrchid the Gnoll Enchanter began the quest for the
                  | Orb.
     0 | D        | Reached XP level 1. HP: 13/13 MP: 6/6
    16 | D        | Reached skill level 6 in Stealth
    16 | D        | Reached skill level 5 in Spellcasting
    16 | D        | Reached skill level 1 in Invocations
    19 | D        | Reached skill level 1 in Fighting
    19 | D        | Reached skill level 1 in Long Blades
    19 | D        | Reached skill level 1 in Axes
    19 | D        | Reached skill level 1 in Maces & Flails
    19 | D        | Reached skill level 1 in Polearms
    19 | D        | Reached skill level 1 in Staves
    19 | D        | Reached skill level 1 in Slings
    19 | D        | Reached skill level 1 in Bows
    19 | D        | Reached skill level 1 in Crossbows
    19 | D        | Reached skill level 1 in Throwing
    19 | D        | Reached skill level 1 in Armour
    19 | D        | Reached skill level 1 in Shields
    19 | D        | Reached skill level 1 in Unarmed Combat
    19 | D        | Reached skill level 1 in Evocations
   112 | D        | Noticed a worker ant
   112 | D        | Noticed a worker ant
   123 | D        | Reached XP level 2. HP: 6/21 MP: 6/8
   128 | D        | Reached skill level 1 in Conjurations
   128 | D        | Reached skill level 1 in Summonings
   128 | D        | Reached skill level 1 in Necromancy
   128 | D        | Reached skill level 1 in Translocations
   128 | D        | Reached skill level 1 in Transmutations
   128 | D        | Reached skill level 1 in Fire Magic
   128 | D        | Reached skill level 1 in Ice Magic
   128 | D        | Reached skill level 1 in Air Magic
   128 | D        | Reached skill level 1 in Earth Magic
   128 | D        | Reached skill level 1 in Poison Magic
   128 | D        | Reached XP level 3. HP: 27/27 MP: 6/9
   131 | D        | Reached skill level 5 in Dodging
   136 | D        | Reached XP level 4. HP: 34/34 MP: 7/11
   145 | D        | Found a roughly hewn altar of Beogh.
   145 | D        | Found a snail-covered altar of Cheibriados.
   145 | D        | Found a shadowy altar of Dithmenos.
   145 | D        | Found a white marble altar of Elyvilon.
   145 | D        | Found a blossoming altar of Fedhas.
   145 | D        | Found an opulent altar of Gozag.
   146 | D        | Found a hazy altar of Hepliaklqana.
   147 | D        | Found a viscous altar of Jiyva.
   148 | D        | Found an ancient bone altar of Kikubaaqudgha.
   149 | D        | Found a corrupted altar of Lugonu.
   150 | D        | Found a burning altar of Makhleb.
   151 | D        | Found a sparkling altar of Nemelex Xobeh.
   152 | D        | Found an iron altar of Okawaru.
   153 | D        | Found a stormy altar of Qazlal.
   154 | D        | Found a sacrificial altar of Ru.
   155 | D        | Found a shimmering blue altar of Sif Muna.
   156 | D        | Found a bloodstained altar of Trog.
   157 | D        | Found a hide-covered altar of Uskayaw.
   158 | D        | Found a radiant altar of Vehumet.
   159 | D        | Found an ornate altar of the Wu Jian Council.
   160 | D        | Found a shimmering altar of Xom.
   161 | D        | Found a basalt altar of Yredelemnul.
   162 | D        | Found a glowing silver altar of Zin.
   163 | D        | Became a worshipper of Sif Muna the Loreminder
   164 | D        | Found a glowing golden altar of the Shining One.
   206 | D        | Learned a level 2 spell: Ensorcelled Hibernation
   210 | D        | Learned a level 3 spell: Confusing Touch
   214 | D        | Learned a level 3 spell: Dazzling Flash
   218 | D        | Learned a level 3 spell: Tukima's Dance
   291 | D        | Noticed a black bear
   291 | D        | Noticed a bullfrog
   291 | D        | Noticed an ice beast
   291 | D        | Noticed a yak
   291 | D        | Noticed a troll
   296 | D        | Killed a troll
   297 | D        | Reached skill level 5 in Short Blades
   297 | D        | Reached skill level 7 in Stealth
   297 | D        | Reached skill level 5 in Invocations
   297 | D        | Reached XP level 5. HP: 43/43 MP: 12/14
   297 | D        | Reached XP level 6. HP: 49/49 MP: 12/15
   300 | D        | Killed a yak
   300 | D        | Reached * piety under Sif Muna
   301 | D        | Reached skill level 5 in Fighting
   301 | D        | Reached skill level 5 in Long Blades
   301 | D        | Reached skill level 5 in Axes
   301 | D        | Reached skill level 5 in Maces & Flails
   301 | D        | Reached skill level 5 in Polearms
   301 | D        | Reached skill level 5 in Staves
   301 | D        | Reached skill level 5 in Slings
   301 | D        | Reached skill level 5 in Bows
   301 | D        | Reached skill level 5 in Crossbows
   301 | D        | Reached skill level 5 in Throwing
   301 | D        | Reached skill level 5 in Armour
   301 | D        | Reached skill level 8 in Stealth
   301 | D        | Reached skill level 5 in Shields
   301 | D        | Reached skill level 5 in Unarmed Combat
   301 | D        | Reached skill level 5 in Evocations
   301 | D        | Reached XP level 7. HP: 39/56 MP: 12/17
   322 | D        | Reached ** piety under Sif Muna
   467 | D        | Noticed a cyclops
   489 | D        | Mangled by a cyclops

Illustrated notes

Levels and vault maps discovered:
D:        linesprint [early_d, line_temple, items_1, d_10, items_2, lair_1,
          lair_end, items_3, orc_1, orc_end, items_4, d_15, swamp_1, shoals_1,
          snake_1, spider_1, d_20, vaults_1, items_5, swamp_end, shoals_end,
          snake_end, spider_end, vaults_end, d_27, items_6, zot_1, zot_end,
          crypt_end, forest_end, elf_end, slime_end, tomb_end, abyss_end,
          pan_hell_end]

Skill      XL: |  1  2  3  4  5  6  7 |
---------------+----------------------+-----
Stealth        | 6 7 8 |  8.4
Spellcasting   | 5 6 7 |  7.7
Invocations    | 1 2 5 6 |  6.3
Fighting       | 1 2 4 5 |  5.7
Long Blades    | 1 2 4 5 |  5.7
Axes           | 1 2 4 5 |  5.7
Maces & Flails | 1 2 4 5 |  5.7
Polearms       | 1 2 4 5 |  5.7
Staves         | 1 2 4 5 |  5.7
Slings         | 1 2 4 5 |  5.7
Bows           | 1 2 4 5 |  5.7
Crossbows      | 1 2 4 5 |  5.7
Throwing       | 1 2 4 5 |  5.7
Armour         | 1 2 4 5 |  5.7
Shields        | 1 2 4 5 |  5.7
Unarmed Combat | 1 2 4 5 |  5.7
Evocations     | 1 2 4 5 |  5.7
Short Blades   | 3 5 6 |  6.3
Conjurations   | 1 3 4 |  4.7
Summonings     | 1 3 4 |  4.7
Necromancy     | 1 3 4 |  4.7
Translocations | 1 3 4 |  4.7
Transmutations | 1 3 4 |  4.7
Fire Magic     | 1 3 4 |  4.7
Ice Magic      | 1 3 4 |  4.7
Air Magic      | 1 3 4 |  4.7
Earth Magic    | 1 3 4 |  4.7
Poison Magic   | 1 3 4 |  4.7
Dodging        | 5 6 7 |  7.4
Hexes          | 6 7 |  7.3

Action                   |  1- 3 |  4- 6 |  7- 9 || total
-------------------------+-------+-------+-------++-------
Melee: Dagger            |    28 |     1 |       ||    29
       Bite              |     1 |     1 |     4 ||     6
       Rapier            |       |     6 |    28 ||    34
       Punch             |       |     1 |       ||     1
 Cast: Corona            |     4 |       |     1 ||     5
       Confusing Touch   |       |       |     3 ||     3
       Ensorcelled Hiber |       |       |     1 ||     1
       Dazzling Flash    |       |       |     1 ||     1
  Use: Potion            |     3 |     1 |     1 ||     5
 Stab: Sleeping          |     1 |     3 |       ||     4
       Invisible         |       |       |     2 ||     2
Armor: Robe              |     1 |       |     2 ||     3
Dodge: Dodged            |    10 |     4 |    18 ||    32

Table legend: (Time is in decaauts)
 A = Elapsed time spent in this place.
 B = Non-inter-level travel time spent in this place.
 C = Inter-level travel time spent in this place.
 D = Time resting spent in this place.
 E = Time spent auto-exploring this place.
 F = Levels seen in this place.
 G = Mean time per level.
                   A        B        C        D        E       F      G
               +--------+--------+--------+--------+--------+-----+--------+
         Total |    474 |    474 |      0 |    299 |      0 |   1 |  474.0 |
       Dungeon |    474 |    474 |      0 |    299 |      0 |   1 |  474.0 |
               +--------+--------+--------+--------+--------+-----+--------+

Top non-repeatable levels by time:
       D: 474 daAuts
